Map: 大气2000-天梯版

Players

JieShi - Winner!

  • Race: Protoss Protoss
  • League: Master

iGCoffeeMs (Coffee)

  • Race: Terran Terran
  • League: Master

Event: DreamHack SC2 Masters 2021 Summer

VOD

Have the link to the VOD?

Description

Time

  • Played on: May 30, 2021, 7:35 a.m.
  • Length: 11:30

All games in this series

Show
View Real Time Build Order
Export as new Build Order

JieShi Protoss - Winner!

Build Orders: 1 Gate Expand, Blink Stalkers, Colossus Rush 

Get SALT Encoding   

  12  0:00  Probe  
  13  0:12  Probe  
  14  0:17  Pylon  
  14  0:24  Probe (Chrono Boost)  
  15  0:36  Gateway  
  15  0:37  Probe (Chrono Boost)  
  16  0:44  Probe (Chrono Boost)  
  16  0:46  Assimilator  
  17  0:51  Probe  
  18  1:03  Probe  
  19  1:15  Probe  
  20  1:23  Cybernetics Core  
  20  1:33  Nexus  
  20  1:34  Probe  
  21  1:41  Pylon  
  21  1:46  Probe  
  22  1:48  Assimilator  
  22  1:56  Adept (Chrono Boost)  
  22  1:58  Probe  
  22  2:01  Warp Gate  
  25  2:10  Probe  
  24  2:20  Stalker (Chrono Boost)  
  24  2:22  Probe  
  26  2:34  Probe (Chrono Boost)  
  27  2:40  Twilight Council  
  27  2:45  Probe (Chrono Boost)  
  27  2:46  Stalker (Chrono Boost)  
  31  2:52  Probe (Chrono Boost)  
  31  2:55  Probe (Chrono Boost)  
  32  2:59  Probe (Chrono Boost)  
  32  3:00  Probe  
  34  3:10  Probe  
  34  3:12  Probe  
  36  3:14  Blink (Chrono Boost)  
  36  3:15  Gateway  
  36  3:22  Probe  
  36  3:25  Probe  
  38  3:32  Robotics Facility  
  38  3:35  Probe  
  38  3:37  Probe  
  40  3:47  Probe  
  41  3:50  Probe  
  41  3:54  Gateway  
  42  3:58  Pylon  
  42  3:59  Probe, Stalker  
  42  4:02  Probe  
  46  4:03  Pylon  
  46  4:05  Shield Battery  
  46  4:14  Observer  
  46  4:16  Probe x2, Assimilator  
  48  4:18  Sentry  
  48  4:19  Assimilator  
  51  4:24  Pylon  
  51  4:27  Stalker  
  51  4:28  Probe x2  
  55  4:39  Pylon  
  55  4:40  Probe x2  
  57  4:45  Stalker  
  57  4:50  Observer  
  57  4:52  Probe  
  59  4:57  Shield Battery  
  59  5:05  Probe  
  59  5:06  Probe  
  61  5:07  Shield Battery  
  61  5:10  Robotics Bay  
  61  5:11  Stalker  
  62  5:15  Observer  
  62  5:18  Probe  
  62  5:19  Probe  
  63  5:23  Observer  
  63  5:30  Stalker x2  
  63  5:33  Probe x2  
  69  5:36  Observer  
  70  5:44  Pylon  
  70  5:45  Charge (Chrono Boost)  
  70  5:48  Nexus  
  70  5:52  Pylon  
  70  5:53  Pylon  
  70  5:58  Colossus (Chrono Boost)  
  76  6:08  Extended Thermal Lance (Chrono Boost)  
  76  6:12  Stalker  
  76  6:16  Shield Battery  
  76  6:17  Stalker  
  76  6:18  Observer  
  80  6:21  Stalker  
  74  6:36  Stalker  
  74  6:38  Shield Battery  
  68  6:41  Stalker  
  68  6:42  Probe  
  68  6:45  Colossus (Chrono Boost), Stalker  
  77  6:56  Gateway  
  76  7:02  Gateway  
  76  7:03  Gateway  
  76  7:14  Zealot x3  
  82  7:21  Probe x2  
  80  7:32  Observer  
  80  7:33  Probe x2  
  80  7:36  Colossus (Chrono Boost)  
  78  7:41  Gateway  
  78  7:42  Gateway  
  78  7:43  Forge  
  84  7:45  Probe x2  
  84  7:46  Probe  
  87  7:52  Sentry x2  
  87  7:57  Probe  
  92  8:00  Stalker, Sentry  
  92  8:01  Stalker  
  92  8:05  Probe x2  
  100  8:08  Pylon  
  100  8:09  Probe  
  101  8:15  Sentry  
  101  8:18  Stalker  
  105  8:20  Protoss Ground Weapons Level 1 (Chrono Boost), Warp Prism (Chrono Boost), Zealot  
  97  8:34  Zealot x3  
  91  8:50  Observer  
  92  8:58  Zealot x5  
  92  8:59  Zealot  
  100  9:05  Observer  
  100  9:07  Templar Archives  
  98  9:10  Photon Cannon  
  98  9:13  Colossus (Chrono Boost), Stalker, Sentry  
  108  9:19  Stalker x2  
  108  9:20  Gateway  
  108  9:22  Gateway  
  108  9:24  Pylon, Stalker  
  112  9:28  Stalker  
  112  9:29  Stalker  
  112  9:41  Zealot  
  112  9:42  Zealot x4  
  112  9:44  Probe x2  
  96  9:57  Nexus  
  96  9:59  Colossus (Chrono Boost)  
  102  10:10  Stalker, Sentry x2  
  102  10:11  Zealot  
  108  10:15  Zealot x2  
  112  10:26  Observer  
  111  10:35  Stalker x4  
  115  10:36  Zealot x3  
  125  10:43  Probe x3  
  128  10:55  Probe  
  129  10:57  Zealot x2  
  129  11:02  Pylon  
  129  11:03  Pylon  
  133  11:10  Zealot x4  
  133  11:11  Zealot x3  
  119  11:21  Zealot  
  119  11:22  Zealot  
Show
View Real Time Build Order
Export as new Build Order

iGCoffeeMs Terran 

Build Orders: Cyclone Opening 

Get SALT Encoding   

  12  0:00  SCV  
  13  0:12  SCV  
  14  0:17  Supply Depot  
  14  0:25  SCV  
  15  0:39  SCV  
  15  0:40  Barracks  
  16  0:45  Refinery  
  16  0:51  SCV  
  16  0:55  Refinery  
  17  1:03  SCV  
  18  1:15  SCV  
  19  1:26  Reaper  
  19  1:27  Orbital Command  
  20  1:44  Factory  
  20  1:53  SCV, Supply Depot  
  21  2:05  SCV  
  22  2:17  SCV  
  23  2:29  Factory Tech Lab, SCV  
  23  2:30  Command Center  
  23  2:38  Starport  
  23  2:41  SCV  
  24  2:47  Cyclone  
  27  2:53  SCV  
  27  2:54  Supply Depot  
  28  3:05  SCV  
  29  3:16  Barracks  
  29  3:21  Barracks Reactor  
  29  3:24  SCV, Banshee  
  33  3:29  Factory Tech Lab  
  33  3:36  SCV  
  34  3:48  SCV  
  34  3:50  Siege Tank  
  38  3:57  Barracks  
  38  3:58  Marine x2  
  38  4:00  Bunker  
  38  4:02  SCV  
  41  4:05  Orbital Command  
  41  4:14  SCV, Stimpack  
  42  4:17  Marine  
  42  4:21  Marine  
  42  4:22  Marine  
  45  4:25  Starport Reactor  
  45  4:29  SCV  
  45  4:30  SCV  
  47  4:34  Supply Depot  
  47  4:36  Factory Reactor  
  47  4:41  SCV  
  47  4:42  Marine x2  
  50  4:46  Marine  
  50  4:51  SCV  
  52  4:53  SCV  
  52  4:58  Supply Depot  
  53  5:03  SCV, Combat Shield  
  53  5:04  Marine  
  53  5:05  SCV  
  56  5:13  Supply Depot  
  56  5:15  SCV  
  56  5:17  Marine x3  
  56  5:21  Medivac x2  
  62  5:22  SCV  
  62  5:25  Widow Mine  
  62  5:26  Widow Mine  
  62  5:27  SCV  
  70  5:29  Supply Depot  
  70  5:35  Marauder x2  
  74  5:37  Refinery, Marine x2  
  76  5:44  SCV x2  
  76  5:48  Supply Depot  
  78  5:53  Engineering Bay  
  78  5:56  SCV  
  79  5:58  Marauder x2, Marine x2  
  85  6:04  SCV  
  85  6:09  SCV, Supply Depot  
  85  6:10  Widow Mine x2, Supply Depot  
  91  6:12  Concussive Shells  
  91  6:17  Marine x2  
  93  6:22  Refinery, Terran Infantry Weapons Level 1  
  93  6:23  Marauder x2  
  84  6:37  Marine  
  84  6:38  Marine  
  82  6:42  Widow Mine x2  
  82  6:43  SCV x2  
  82  6:45  Marauder x2  
  89  6:56  Command Center  
  89  7:02  Marine x2  
  89  7:06  Marauder x2  
  84  7:20  Widow Mine x2, Medivac  
  81  7:23  SCV  
  81  7:27  Marine x2  
  81  7:28  Marauder x2  
  81  7:29  Medivac  
  86  7:31  SCV  
  79  7:40  SCV  
  79  7:42  Barracks x2  
  79  7:43  SCV  
  81  7:47  Marine x2  
  81  7:49  Widow Mine x2, Marauder x2  
  91  7:52  Medivac  
  91  7:53  SCV  
  91  7:55  SCV  
  95  7:59  Medivac  
  95  8:05  Marine x2  
  97  8:07  SCV x2  
  97  8:08  Missile Turret  
  101  8:13  Marauder x2  
  101  8:14  Widow Mine x2  
  101  8:19  SCV x2  
  111  8:25  Medivac  
  113  8:28  Medivac  
  106  8:36  Marauder x2  
  98  8:41  Marine x2  
  98  8:42  Barracks Reactor, Barracks Tech Lab  
  98  8:45  SCV  
  97  8:50  SCV  
  96  8:57  Marauder x2, Viking  
  96  8:58  Widow Mine x2, Viking  
  102  9:04  Marauder  
  102  9:05  SCV x2  
  102  9:07  Orbital Command  
  104  9:11  Marine x2  
  104  9:12  Terran Infantry Armor Level 1  
  106  9:18  Marine x2  
  106  9:19  Marauder x2  
  106  9:21  Widow Mine x2, Missile Turret  
  114  9:27  Marauder  
  114  9:29  Marine x2  
  109  9:40  Marauder  
  109  9:44  Marauder  
  109  9:45  SCV x3  
  91  9:48  Marauder  
  79  9:54  Marine x3  
  79  9:57  SCV x2  
  79  9:59  SCV  
  81  10:01  Marauder  
  81  10:05  Marauder  
  84  10:09  SCV x2  
  84  10:10  Marauder  
  84  10:11  Marine  
  84  10:12  Marine  
  84  10:13  SCV  
  91  10:17  Marine  
  92  10:21  SCV x2  
  92  10:24  Viking x2  
  92  10:25  Marauder  
  92  10:26  SCV  
  99  10:33  SCV, Marauder  
  99  10:35  Marine x3  
  105  10:36  Marine  
  105  10:37  SCV  
  105  10:38  SCV  
  105  10:41  Marine  
  105  10:42  Widow Mine x2  
  113  10:45  Marine  
  114  10:52  SCV x2  
  114  10:53  Supply Depot  
  114  10:54  SCV, Viking x2  
  118  11:05  Marauder  
  118  11:09  Marine  
Tags
 
Add a new tag
Caveats
  • Supply blocks, unpowered buildings, or Contaminate may cause inaccurate times.
  • Supply counts are checked every 10 seconds.